 Seeded DCSS version 0.30-a0-305-g026cb31310 (webtiles) character file.

Game seed: 17790380096243088950 (custom seed)

2312 purpskrrrp the Thaumaturge (level 9, -8/45 HPs)
             Began as a Deep Elf Fire Elementalist on Oct 22, 2022.
             Was a Believer of Vehumet.
             Mangled by a two-headed ogre
             ... wielding a +0 dire flail
              (21 damage)
             ... on level 6 of the Dungeon.
             The game lasted 00:24:27 (7511 turns).

purpskrrrp the Thaumaturge (DEFE)                   Turns: 7511, Time: 00:24:27

Health: -8/45      AC:  3    Str:  5    XL:     9   Next: 18%
Magic:  13/23      EV: 12    Int: 25    God:    Vehumet [**....]
Gold:   1546       SH:  0    Dex: 15    Spells: 12/25 levels left

rFire   + . .      SeeInvis .    B - staff of fire
rCold   . . .      Faith    .    (no shield)
rNeg    . . .      Spirit   .    a - +0 robe
rPois   .          Reflect  .    p - +0 helmet
rElec   .          Harm     .    (no cloak)
rCorr   .          Rampage  .    (no gloves)
Will    .....                    (no boots)
Stlth   ++........               v - amulet of magic regeneration
HPRegen 0.27/turn                (no ring)
MPRegen 0.58/turn                (no ring)

@: no status effects
A: no striking features
a: Renounce Religion


You were on level 6 of the Dungeon.
You worshipped Vehumet.
Vehumet was pleased with you.
You visited 2 branches of the dungeon, and saw 7 of its levels.

You collected 1546 gold pieces.

Inventory:

Hand Weapons
 r - a +1 flail of draining
Missiles
 t - a throwing net
Armour
 a - a +0 robe (worn)
 p - a +0 helmet (worn)
Magical Staves
 B - a staff of fire (weapon)
Jewellery
 v - an amulet of magic regeneration (around neck)
Wands
 d - a wand of flame (3)
 w - a wand of paralysis (18)
 y - a wand of digging (10)
 A - a wand of polymorph (8)
Scrolls
 e - 2 scrolls of poison
 h - a scroll of amnesia
 k - 2 scrolls of immolation
 o - a scroll of butterflies
 s - a scroll of teleportation
Potions
 b - a potion of magic
 c - a potion of might {unknown}
 i - 4 potions of curing
 j - 2 potions of mutation
 l - 2 potions of haste
 m - a potion of brilliance
 u - 3 potions of lignification
 x - a potion of resistance
 z - 2 potions of attraction {unknown}


   Skills:
 + Level 3.0 Staves
 - Level 2.4 Dodging
 - Level 2.4 Stealth
 + Level 8.7 Spellcasting
 + Level 6.9 Conjurations
 * Level 8.4 Fire Magic
 + Level 3.2 Evocations


You had 12 spell levels left.
You knew the following spells:

 Your Spells              Type           Power      Damage    Failure   Level
a - Foxfire               Conj/Fire      100%       2x1d9     1%          1
b - Flame Wave            Conj/Fire      65%        2d15      2%          4
c - Kindle Blastsparks    Fire/Tloc/Air  74%        2d16      5%          3
d - Fireball              Conj/Fire      32%        3d14      7%          5

Your spell library contained the following spells:

 Spells                   Type           Power      Damage    Failure   Level
 Searing Ray              Conj           90%        2d7       1%          2
 Scorch                   Fire           100%       2d10      1%          2
 Inner Flame              Hex/Fire       48%        N/A       3%          3
 Apportation              Tloc           20%        N/A       5%          1
 Necrotise                Necr           40%        1d6       5%          1
 Sting                    Tmut/Pois      40%        1d5       5%          1
 Summon Small Mammal      Summ           40%        N/A       5%          1
 Poisonous Vapours        Pois/Air       20%        N/A       9%          2
 Sublimation of Blood     Necr           10%        N/A       9%          2
 Wereblood                Tmut           10%        N/A       9%          2
 Iskenderun's Battlesphe  Conj           45%        2d10      9%          5
 Olgreb's Toxic Radiance  Pois           10%        N/A       50%         4
 Conjure Ball Lightning   Conj/Air       14%        3x3d6     90%         6
 Iron Shot                Conj/Erth      14%        9d4       90%         6
 Orb of Destruction       Conj           22%        9d8       95%         7
 Spellforged Servitor     Conj/Summ      14%        N/A       100%        7
 Summon Hydra             Summ           5%         N/A       100%        7


Dungeon Overview and Level Annotations

Branches:
Dungeon (6/15)             Temple (1/1) D:4

Altars:
Ashenzari
Cheibriados
Dithmenos
Elyvilon
Gozag
Hepliaklqana
Kikubaaqudgha
Okawaru
Ru
Sif Muna
Trog
Uskayaw
Vehumet
Xom
Zin
The Shining One

Shops:
D:4 (

Annotations:
D:6 3 runed translucent doors, themarg's ghost, novice MiMo


Message History

Vehumet accepts your kill.
You feel your power returning. The concussive blast engulfs you! You resist.
Your Staves skill increases to level 3!
You feel better.
Casting: Flame Wave (dangerous; 2% risk of failure)
Confirm with . or Enter, or press ? or * to list all spells.
You feel a surge of power!
A cloud of volatile blastsparks flares up around you!
Casting: Kindle Blastsparks (dangerous; 5% risk of failure)
Confirm with . or Enter, or press ? or * to list all spells.
Casting: Flame Wave (dangerous; 2% risk of failure)
Press: ? - help, Dir - look around, f - activate You feel a surge of power!
A wave of flame ripples out!
The flame wave engulfs the two-headed ogre!
The two-headed ogre is moderately wounded. (Press . to intensify the flame waves.)
The two-headed ogre hits you with a +0 dire flail!
The two-headed ogre hits you with a +0 giant club!
* * * LOW HITPOINT WARNING * * *
A wave of flame ripples out!
The flame wave engulfs the two-headed ogre!
The two-headed ogre is heavily wounded.
Okay, then.
Okay, then.
Casting: Flame Wave (dangerous; 2% risk of failure)
Confirm with . or Enter, or press ? or * to list all spells.
The spell is quite dangerous to miscast (7% risk of failure)!
Continue anyway?
Okay, then.
Casting: Fireball (quite dangerous; 7% risk of failure)
Confirm with . or Enter, or press ? or * to list all spells.
The spell is quite dangerous to miscast (7% risk of failure)!
Continue anyway?
Aiming: Fireball (quite dangerous; 7% risk of failure)
Press: ? - help, Shift-Dir - straight line
Okay, then.
A wave of flame ripples out!
The flame wave engulfs the two-headed ogre!
The two-headed ogre is severely wounded.
You finish channelling waves of flame.
The two-headed ogre closely misses you.
The two-headed ogre hits you with a +0 giant club!!
You die...

#....#.#.....#.....§....###.#
#....#.#.#...####.##........#
#......#.....####..).#.######
.)..............†...........#
##.....########.###########.#
####.##. ..##.## #.# ###.# .#
#..#..# #.# #...# #?#8.##.#
#.# #.### #[##O##@# #.# #.#
#..8#O# #.# #.# #...†.# #.#
#.# #$##.#### #####.# ###.# #
#8§ #.....# ....# #S. #.#####
######## ..# #.# .......# ###
#.# .......# #.#


You could see a two-headed ogre.

Vanquished Creatures
  Prince Ribbit (D:6)
  Duvessa (D:4)
  3 water moccasins
  2 ice beasts (D:6)
  A centaur (D:6)
  2 phantoms
  A kobold brigand (D:4)
  A bullfrog (D:6)
  2 necrophages
  3 scorpions
  Dowan (D:4)
  2 howler monkeys (D:6)
  3 hounds
  2 jellies
  2 orc priests
  2 iguanas
  Terence (D:3)
  7 orc wizards (D:5)
  5 gnolls
  7 adders
  A shadow imp (D:5)
  A white imp (D:6)
  2 ufetubi (D:5)
  2 worms
  5 dart slugs
  14 orcs
  12 ball pythons
  7 bats
  7 endoplasms
  2 giant cockroaches
  6 goblins
  12 hobgoblins
  7 jackals
  20 kobolds
  3 quokkas
  2 frilled lizards (D:1)
  4 rats
156 creatures vanquished.

Vanquished Creatures (collateral kills)
  4 foxfires (D:4)
4 creatures vanquished.

Vanquished Creatures (others)
  668 foxfires
668 creatures vanquished.

Grand Total: 828 creatures vanquished

Notes
Turn   | Place    | Note
-------+----------+-------------------------------------------
     0 | D:1      | purpskrrrp the Deep Elf Fire Elementalist began the quest
                  | for the Orb.
     0 | D:1      | Reached XP level 1. HP: 10/10 MP: 6/6
   369 | D:1      | Reached XP level 2. HP: 15/15 MP: 2/8
   897 | D:1      | Reached XP level 3. HP: 19/19 MP: 7/10
  1761 | D:2      | Reached XP level 4. HP: 24/24 MP: 9/12
  2667 | D:3      | Found a faded altar of an unknown god.
  2694 | D:3      | Found a shimmering altar of Xom.
  3313 | D:3      | Noticed Terence
  3329 | D:3      | Killed Terence
  3330 | D:3      | Reached XP level 5. HP: 13/28 MP: 1/14
  3664 | D:4      | Reached skill level 5 in Spellcasting
  3863 | D:4      | Found an iron altar of Okawaru.
  3894 | D:4      | Reached skill level 5 in Fire Magic
  4073 | D:4      | Found a staircase to the Ecumenical Temple.
  4084 | D:4      | Reached XP level 6. HP: 32/32 MP: 9/16
  4187 | D:4      | Noticed Duvessa
  4191 | D:4      | Noticed Dowan
  4206 | D:4      | Killed Duvessa
  4208 | D:4      | Killed Dowan
  4277 | Temple   | Entered the Ecumenical Temple
  4325 | Temple   | Became a worshipper of Vehumet
  4370 | Temple   | Learned a level 4 spell: Flame Wave
  4374 | Temple   | Learned a level 3 spell: Kindle Blastsparks
  4380 | Temple   | Learned a level 5 spell: Fireball
  4420 | D:4      | Found Irorotuk's Antique Weapon Boutique.
  4581 | D:4      | Reached XP level 7. HP: 36/36 MP: 12/18
  4800 | D:4      | Found a glowing golden altar of the Shining One.
  4863 | D:4      | Reached skill level 5 in Conjurations
  5012 | D:4      | Found an ancient bone altar of Kikubaaqudgha.
  5074 | D:4      | Reached * piety under Vehumet
  5074 | D:4      | Offered knowledge of Shock by Vehumet.
  5325 | D:5      | Entered Level 5 of the Dungeon
  5364 | D:5      | Found a snail-covered altar of Cheibriados.
  5506 | D:5      | Reached XP level 8. HP: 41/41 MP: 17/21
  5520 | D:5      | Identified 3 scrolls of acquirement
  5520 | D:5      | Acquired 1224 gold pieces
  5521 | D:5      | Acquired a book of Power
  5523 | D:5      | Acquired a staff of fire
  5813 | D:5      | Reached skill level 1 in Staves
  5813 | D:5      | Reached skill level 1 in Evocations
  5965 | D:5      | Found a hazy altar of Hepliaklqana.
  6862 | D:6      | Found a runed translucent gate.
  6862 | D:6      | Found a runed translucent gate.
  6862 | D:6      | Found a runed translucent gate.
  6864 | D:6      | Found an opulent altar of Gozag.
  6867 | D:6      | Noticed themarg's ghost (novice MiMo)
  6929 | D:6      | Noticed Prince Ribbit
  6965 | D:6      | HP: 1/41 [Prince Ribbit (7)]
  6969 | D:6      | Killed Prince Ribbit
  6971 | D:6      | Offered knowledge of Searing Ray by Vehumet.
  7173 | D:6      | Reached ** piety under Vehumet
  7199 | D:6      | Reached XP level 9. HP: 35/45 MP: 14/23
  7303 | D:6      | Found a white marble altar of Elyvilon.
  7501 | D:6      | Noticed a two-headed ogre
  7511 | D:6      | Mangled by a two-headed ogre

Illustrated notes

Levels and vault maps discovered:
D:1:      dpeg_arrival_water_temple_mockup, layout_basic,
          nicolae_figureground_pulse
D:2:      layout_loops_cross, minmay_goblin_kobold_house
D:3:      layout_basic, xom_teletrap_fun,
          hellmonk_ecumenical_altar_heavens_door, chequers_jeans, minmay_cupped,
          uniq_terence
D:4:      cheibrodos_thug_alley, layout_layer_cave, tso_altar,
          mainiacjoe_overflow_brackets, mainiacjoe_overflow_boulevard,
          minmay_temple_entry_sparse_star, serial_shops, shop, uniq_duvessa
D:5:      layout_basic, lemuel_doored_altar, nicolae_hepliaklqana_hazy_memory,
          minmay_a_box_with_orc_wizards_in_it
D:6:      minmay_chambers_of_sixes, layout_basic, mainiacjoe_overflow_alcove_4,
          ebering_ghost_gozag, uniq_prince_ribbit1
Temple:   nicolae_temple_ecumenical_triangle

Skill      XL: |  1  2  3  4  5  6  7  8  9 |
---------------+----------------------------+-----
Conjurations   | 2 3 4 5 6 |  6.9
Spellcasting   | 4 5 6 7 8 |  8.7
Fire Magic     | 4 5 6 8 |  8.4
Staves         | 2 3 |  3.0
Evocations     | 2 3 |  3.2
Dodging        | |  2.4
Stealth        | |  2.4

Action                   |  1- 3 |  4- 6 |  7- 9 || total
-------------------------+-------+-------+-------++-------
Melee: Unarmed           |    44 |    21 |       ||    65
       Punch             |     1 |     1 |       ||     2
       Flail             |       |     8 |     1 ||     9
       Staff             |       |       |    10 ||    10
 Cast: Foxfire           |    92 |   182 |   149 ||   423
       Kindle Blastspark |       |       |    12 ||    12
       Flame Wave        |       |       |    12 ||    12
  Use: Scroll            |       |     2 |    16 ||    18
       Potion            |       |       |     3 ||     3
Armor: Robe              |    14 |    15 |     2 ||    31
Dodge: Dodged            |    53 |    37 |    17 ||   107

Table legend: (Time is in decaauts)
 A = Elapsed time spent in this place.
 B = Non-inter-level travel time spent in this place.
 C = Inter-level travel time spent in this place.
 D = Time resting spent in this place.
 E = Time spent auto-exploring this place.
 F = Levels seen in this place.
 G = Mean time per level.
                   A        B        C        D        E       F      G
               +--------+--------+--------+--------+--------+-----+--------+
         Total |   7519 |   7405 |    114 |   1728 |   4568 |   7 | 1074.1 |
       Dungeon |   7391 |   7298 |     93 |   1728 |   4549 |   6 | 1231.8 |
        Temple |    127 |    106 |     21 |      0 |     19 |   1 |  127.0 |
               +--------+--------+--------+--------+--------+-----+--------+

Top non-repeatable levels by time:
     D:4: 1588 daAuts
     D:1: 1430 daAuts
     D:5: 1323 daAuts
     D:2: 1188 daAuts
     D:3: 997 daAuts
     D:6: 862 daAuts
  Temple: 127 daAuts
